 Dungeon Crawl Stone Soup version 0.30.1 (webtiles) character file.

Game seed: 18057694945809743816

20948 Destapler the Basher (level 12, 0/111 HPs)
             Began as a Troll Berserker on July 13, 2023.
             Was a Priest of Trog.
             Slain by an orc warrior
             ... wielding a +0 flail
             ... led by Saint Roka
              (4 damage)
             ... on level 1 of the Orcish Mines.
             The game lasted 00:37:45 (10673 turns).

Destapler the Basher (Troll Berserker)             Turns: 10673, Time: 00:37:46

Health: 0/111      AC: 10    Str: 32    XL:     12   Next: 49%
Magic:  11/11      EV: 15    Int:  3    God:    Trog [***...]
Gold:   716        SH:  9    Dex: 11    Spells: 11/11 levels left

rFire   . . .        a - +9 flail (venom)
rCold   . . .        O - +0 kite shield
rNeg    . . .        c - +3 troll leather armour
rPois   .            (helmet restricted)
rElec   .            m - +0 cloak
rCorr   .            (gloves unavailable)
SInv    .            (boots unavailable)
Will    +....        M - amulet of regeneration
Stlth   +            q - +5 ring of evasion
HPRegen 2.78/turn    o - ring of Pamp {Will+ Str+2 Slay+3}
MPRegen 0.12/turn

%: no passive effects
@: on berserk cooldown, slowed, very slow
A: large, unfitting armour, claws 3, regeneration 1, shaggy fur 1, tough skin 1
a: Renounce Religion, Berserk, Trog's Hand


You were on level 1 of the Orcish Mines.
You worshipped Trog.
Trog was most pleased with you.
You visited 3 branches of the dungeon, and saw 15 of its levels.
You also visited: Ossuary.

You collected 1197 gold pieces.
You spent 481 gold pieces at shops.

Inventory:

Hand Weapons
 a - a +9 flail of venom (weapon)
 b - a +5 morningstar of freezing
 E - a +3 antimagic battleaxe
 P - a +2 spear of venom
Missiles
 f - 15 boomerangs (quivered)
 g - 3 javelins
 B - a throwing net
 F - 16 poisoned darts
 T - 3 datura-tipped darts
Armour
 c - a +3 troll leather armour (worn)
 m - a +0 cloak (worn)
 G - +0 acid dragon scales
 O - a +0 kite shield (worn)
Jewellery
 e - a ring of resist corrosion
 o - the ring of Pamp (right claw) {Will+ Str+2 Slay+3}
   (You acquired it on level 11 of the Dungeon)

   [ring of willpower]

   Str:       It affects your strength (+2).
   Slay:      It affects your accuracy & damage with ranged weapons and melee
   (+3).
   Will:      It increases your willpower.
 q - a +5 ring of evasion (left claw)
 s - a +5 ring of evasion
 I - a ring of resist corrosion
 M - an amulet of regeneration (around neck)
Wands
 y - a wand of quicksilver (9)
 z - a wand of roots (17)
 H - a wand of charming (6)
 R - a wand of flame (7)
Scrolls
 p - a scroll of poison
 r - 2 scrolls of fog {unknown}
 t - 2 scrolls of blinking
 w - a scroll of magic mapping
 L - 5 scrolls of teleportation
 S - 2 scrolls of identify
Potions
 d - 5 potions of lignification
 h - a potion of might
 i - 3 potions of haste {unknown}
 j - 6 potions of heal wounds
 k - a potion of attraction {unknown}
 l - 2 potions of mutation
 n - a potion of resistance {unknown}
 u - 2 potions of ambrosia
 v - 3 potions of invisibility
 x - a potion of brilliance {unknown}
 A - 2 potions of cancellation
 D - 3 potions of flight
 J - 2 potions of curing {unknown}
 K - a potion of degeneration {unknown}
 N - a potion of berserk rage {unknown}


   Skills:
 + Level 5.2 Fighting
 + Level 14.4 Maces & Flails
 + Level 5.5 Throwing
 + Level 3.4 Armour
 - Level 5.0 Dodging
 + Level 5.5 Shields
 - Level 4.7 Unarmed Combat
 + Level 3.6 Evocations


You had 11 spell levels left.
You didn't know any spells.
Your spell library contained the following spells:

 Spells                   Type           Power      Damage    Failure   Level
 Necrotise                Necr           0%         1d4       75%         1
 Sting                    Tmut/Pois      0%         1d3       75%         1
 Poisonous Vapours        Pois/Air       0%         N/A       87%         2
 Call Canine Familiar     Summ           0%         N/A       98%         3
 Gell's Gravitas          Tloc           0%         N/A       98%         3
 Ignite Poison            Fire/Tmut/Pois 0%         N/A       98%         3
 Mephitic Cloud           Conj/Pois/Air  0%         N/A       98%         3
 Portal Projectile        Hex/Tloc       0%         N/A       98%         3
 Teleport Other           Tloc           0%         N/A       98%         3
 Vampiric Draining        Necr           0%         2d6       98%         3
 Leda's Liquefaction      Hex/Erth       0%         N/A       100%        4
 Olgreb's Toxic Radiance  Pois           0%         N/A       100%        4
 Sticky Flame             Conj/Fire      0%         2d3       100%        4
 Agony                    Necr           0%         N/A       100%        5
 Blade Hands              Tmut           0%         N/A       100%        5
 Freezing Cloud           Conj/Ice/Air   0%         6-21      100%        5
 Irradiate                Conj/Tmut      0%         3d11      100%        5
 Dispersal                Tloc           0%         N/A       100%        6
 Dragon Form              Tmut           0%         N/A       100%        7
 Ignition                 Fire           0%         3d3       100%        8


Dungeon Overview and Level Annotations

Branches:
Dungeon (11/15)            Temple (0/1) D:5            Lair (2/5) D:11
    Orc (2/2) D:10        Ossuary (visited)
  Swamp: Lair:2-3    Shoals: Lair:2-3     Snake: Lair:2-3    Spider: Lair:2-3
    Elf: Orc:2

Altars:
Elyvilon
Gozag
Hepliaklqana
Makhleb
Okawaru
Qazlal
Sif Muna
Uskayaw
Wu Jian
Yredelemnul

Shops:
D:3 ?   D:5 **([(   D:9 [*   D:10 =   D:11 *

Annotations:
Orc:1 Saint Roka


Innate Abilities, Weirdness & Mutations

You are too large for most types of armour.
You have claws for hands.
Your natural rate of healing is unusually fast.
You are covered in fur. (AC +1)
You have tough skin. (AC +1)


Message History

The orc priest calls down the wrath of Beogh upon you.
You easily resist.
You climb upwards.
You feel a strong urge to attack something.
There is a stone staircase leading down, spattered with blood here.
Things that are here:
a +2 leather armour of fire resistance; a +0 flail Unknown command.
You barely miss the orc. Saint Roka barely misses you.
The orc warrior closely misses you. You block the orc priest's attack.
The orc hits you but does no damage.
You barely miss the orc. You sock the orc!
You kill the orc!
Trog accepts your kill. The orc priest misses you.
Saint Roka hits you with a +0 war axe.
* * * LOW HITPOINT WARNING * * *
The orc warrior misses you.
You hit Saint Roka.
Saint Roka is moderately wounded.
You sock Saint Roka!
Saint Roka looks as sick as possible!
Saint Roka is moderately wounded.
You are no longer berserk.
You are exhausted.
You feel yourself slow down.
The orc priest mumbles some strange prayers to Beogh against you.
Beogh smites you!
* * * LOW HITPOINT WARNING * * *
Saint Roka hits you with a +0 war axe!!
* * * LOW HITPOINT WARNING * * *
The orc warrior barely misses you.
Your ogre goes berserk!
You can no longer call in reinforcements.
Saint Roka mumbles some strange prayers to Beogh against you.
Beogh smites you!
* * * LOW HITPOINT WARNING * * *
You block the orc priest's attack.
The orc priest hits your ogre with a +0 hand axe!
The orc warrior hits you with a +0 flail.
You die...

####.............#.##.##
##.#..............##.#######
#.#######.........#...##.#.#
####.#...~≈#).....#............
##.#..#...≈~#.......#........#.#
##.....#...~≈#...#...#...#...####
#.....†)...~≈#...##..#......#.##
##.....#...~≈#[)[o.............#
#.....#...~≈#.<@o.........#..##
##.....#...~≈#Oo)[............#
#......#######...............##
##..........................##
###..##.#.#...#.#....##.#.##
#########################


You could see Saint Roka (extremely poisoned), an orc warrior (strong), an orc
priest (strong, ally target) and a friendly ogre (summoned, berserk).

Vanquished Creatures
  A fire dragon (Lair:1)
  5 two-headed ogres
  An orc knight (Orc:1)
  3 orc sorcerers
  7 elephants (Lair:1)
  2 cane toads (Lair:1)
  A gargoyle (D:10)
  3 komodo dragons
  4 trolls
  Prince Ribbit (D:7)
  A fire elemental (Lair:1)
  A wyvern (D:11)
  A wraith (D:9)
  2 vampires
  11 yaks
  A basilisk (Lair:1)
  3 fire bats (Lair:1)
  A steam dragon (D:6)
  Edmund (D:4)
  4 swamp worms (Lair:1)
  7 wargs
  11 water moccasins
  An acid dragon (D:11)
  10 orc warriors
  2 sky beasts
  2 ogres
  5 wolves (Orc:1)
  4 centaurs
  2 kobold brigands
  4 elf zombies (Ossuary)
  Blork the orc (D:4)
  5 bullfrogs
  A scorpion (D:5)
  8 wights
  15 killer bees
  A howler monkey (D:8)
  2 centaur zombies (Ossuary)
  2 hounds (D:5)
  2 jellies (D:6)
  A human zombie (Ossuary)
  4 orc priests
  A gnoll bouda (D:5)
  Terence (D:2)
  A sleepcap (D:8)
  3 iguanas
  8 orc wizards
  2 mummies (Ossuary)
  7 gnolls
  4 adders
  2 ufetubi
  2 worms
  50 orcs
  7 ball pythons
  A bat (D:2)
  7 endoplasms
  A giant cockroach (D:1)
  5 goblins
  2 hobgoblins (D:3)
  2 quokkas (D:3)
  A frilled lizard (D:1)
  10 hobgoblin zombies (Ossuary)
  2 jackal zombies (Ossuary)
  12 kobolds
  7 kobold zombies (Ossuary)
  10 orc zombies (Ossuary)
  A rat (D:2)
  A rat zombie (Ossuary)
294 creatures vanquished.

Vanquished Creatures (collateral kills)
  A wyvern (D:9)
  A fire bat (Lair:1)
  An acid dragon (D:9)
3 creatures vanquished.

Vanquished Creatures (others)
  An orc (Orc:2)
1 creature vanquished.

Grand Total: 298 creatures vanquished

Notes
Turn   | Place    | Note
-------+----------+-------------------------------------------
     0 | D:1      | Destapler the Troll Berserker began the quest for the Orb.
     0 | D:1      | Reached XP level 1. HP: 22/22 MP: 0/0
   384 | D:1      | Reached XP level 2. HP: 29/29 MP: 1/1
   880 | D:2      | Noticed Terence
   894 | D:2      | Killed Terence
   895 | D:2      | Reached XP level 3. HP: 32/36 MP: 2/2
  1646 | D:3      | Found an opulent altar of Gozag.
  1741 | D:3      | Reached XP level 4. HP: 45/45 MP: 3/3
  1748 | D:3      | Reached ** piety under Trog
  1779 | D:3      | Found Igruofam's Magic Scroll Emporium.
  1796 | D:3      | Bought a scroll of enchant armour for 97 gold pieces
  1796 | D:3      | Bought a scroll of blinking for 97 gold pieces
  2256 | D:3      | Found a shimmering blue altar of Sif Muna.
  2592 | D:4      | Noticed Blork the orc
  2635 | D:4      | Reached XP level 5. HP: 50/53 MP: 4/4
  2665 | D:4      | Killed Blork the orc
  2770 | D:4      | Noticed Edmund
  2778 | D:4      | Killed Edmund
  2779 | D:4      | Reached XP level 6. HP: 62/62 MP: 5/5
  3065 | D:5      | Entered Level 5 of the Dungeon
  3128 | D:5      | Found Secas's Assorted Antiques.
  3161 | D:5      | Found a staircase to the Ecumenical Temple.
  3192 | D:5      | Found a sand-covered staircase.
  3202 | Ossuary  | Entered an ossuary
  3287 | Ossuary  | Reached skill level 1 in Maces & Flails
  3287 | Ossuary  | Reached skill level 1 in Throwing
  3287 | Ossuary  | Reached skill level 1 in Armour
  3321 | Ossuary  | Reached *** piety under Trog
  3333 | Ossuary  | Reached skill level 1 in Evocations
  3333 | Ossuary  | Reached XP level 7. HP: 65/70 MP: 6/6
  3405 | Ossuary  | Reached skill level 2 in Maces & Flails
  3524 | D:5      | Found Seziunum's Weapon Shoppe.
  3549 | D:5      | Found Paergh's Armour Shoppe.
  3554 | D:5      | Found Guschum's Weapon Shop.
  3586 | D:5      | Found Nagix's Assorted Antiques.
  3761 | D:5      | Reached skill level 3 in Maces & Flails
  3786 | D:5      | Reached skill level 1 in Shields
  4165 | D:6      | Reached XP level 8. HP: 33/78 MP: 7/7
  4185 | D:6      | Identified the +4 scale mail of Pathos {Contam rC+++
                  | Will+++}
  4576 | D:6      | Reached skill level 4 in Maces & Flails
  5108 | D:7      | Reached skill level 5 in Maces & Flails
  5416 | D:7      | Reached skill level 6 in Maces & Flails
  5416 | D:7      | Reached XP level 9. HP: 79/84 MP: 8/8
  5486 | D:7      | Noticed Prince Ribbit
  5497 | D:7      | Killed Prince Ribbit
  5850 | D:8      | Noticed a two-headed ogre
  5859 | D:8      | Killed a two-headed ogre
  5860 | D:8      | Reached skill level 8 in Maces & Flails
  6069 | D:8      | Reached skill level 9 in Maces & Flails
  6118 | D:8      | Found a stormy altar of Qazlal.
  6284 | D:8      | Reached XP level 10. HP: 92/92 MP: 6/9
  6291 | D:8      | Reached **** piety under Trog
  6811 | D:9      | Found Yhaol's Assorted Antiques.
  6814 | D:9      | Bought a thick lapis lazuli amulet for 115 gold pieces
  6851 | D:9      | Reached skill level 10 in Maces & Flails
  6884 | D:9      | Found a white marble altar of Elyvilon.
  7083 | D:9      | Reached skill level 11 in Maces & Flails
  7386 | D:9      | Found Kalubyi's Armour Emporium.
  7544 | D:10     | Entered Level 10 of the Dungeon
  7652 | D:10     | Noticed a gargoyle
  7663 | D:10     | Killed a gargoyle
  7744 | D:10     | Noticed a two-headed ogre
  7751 | D:10     | Killed a two-headed ogre
  7752 | D:10     | Reached skill level 12 in Maces & Flails
  7797 | D:10     | Found a staircase to the Orcish Mines.
  7842 | D:10     | Found Naev's Jewellery Shoppe.
  7881 | D:10     | Found an iron altar of Okawaru.
  7919 | D:10     | Noticed a two-headed ogre
  7930 | D:10     | Killed a two-headed ogre
  8152 | D:10     | Noticed a two-headed ogre
  8159 | D:10     | Killed a two-headed ogre
  8160 | D:10     | Reached XP level 11. HP: 92/100 MP: 10/10
  8381 | D:10     | Found a hide-covered altar of Uskayaw.
  8381 | D:10     | Found a hazy altar of Hepliaklqana.
  8389 | D:10     | Found an ornate altar of the Wu Jian Council.
  8391 | D:10     | Found a burning altar of Makhleb.
  8393 | D:10     | Found a basalt altar of Yredelemnul.
  8427 | Orc:1    | Entered Level 1 of the Orcish Mines
  8432 | Orc:1    | Noticed an orc sorcerer
  8438 | Orc:1    | Noticed a soul eater
  8439 | Orc:1    | Paralysed by an orc sorcerer for 5 turns
  8454 | D:10     | Killed an orc sorcerer
  8455 | D:10     | Reached skill level 13 in Maces & Flails
  8726 | Orc:2    | Entered Level 2 of the Orcish Mines
  8726 | Orc:2    | Noticed Saint Roka
  8726 | Orc:2    | Noticed an orc knight
  8728 | Orc:2    | Noticed an orc sorcerer
  8734 | Orc:2    | Noticed an orc sorcerer
  8749 | Orc:1    | Killed an orc knight
  8951 | D:11     | Reached skill level 14 in Maces & Flails
  9011 | D:11     | Found a staircase to the Lair.
  9304 | D:11     | Found Poinkuthe's Assorted Antiques.
  9312 | D:11     | Bought a scroll labelled BETENK ZIROFF for 36 gold pieces
  9312 | D:11     | Bought 2 scrolls labelled KIUSYJ VURASHI for 72 gold pieces
  9312 | D:11     | Bought a fizzy clear potion for 32 gold pieces
  9312 | D:11     | Bought a green potion for 32 gold pieces
  9312 | D:11     | Acquired the ring of Pamp {Will+ Str+2 Slay+3}
  9435 | Lair:1   | Entered Level 1 of the Lair of Beasts
  9534 | Lair:1   | Noticed a fire dragon
  9557 | Lair:1   | Killed a fire dragon
  9776 | Lair:1   | Reached XP level 12. HP: 109/109 MP: 11/11
  9975 | Lair:1   | Reached skill level 5 in Throwing
 10108 | Lair:1   | Reached skill level 5 in Shields
 10389 | Lair:1   | Reached skill level 5 in Dodging
 10411 | Lair:1   | Reached skill level 5 in Fighting
 10499 | D:11     | Noticed a two-headed ogre
 10505 | D:11     | Killed a two-headed ogre
 10673 | Orc:1    | HP: 4/111 [Saint Roka/divine providence (10)]
 10673 | Orc:1    | Slain by an orc warrior

Illustrated notes

Levels and vault maps discovered:
D:1:      minmay_arrival_solitary_statue, layout_loops_cross
D:2:      layout_loops_ring, uniq_terence
D:3:      layout_basic, kennysheep_orc_sif_temple, grunt_gozag_breadcrumbs,
          serial_shops, shop
D:4:      layout_loops_ring, uniq_edmund, uniq_blork_the_orc
D:5:      layout_cave_pods, minmay_temple_entry_slanted, serial_shops, shop,
          shop, nicolae_shop_pleasant_corner_grove, shop, shop,
          nicolae_ossuary_entry_monument
D:6:      layout_rooms
D:7:      layout_basic, uniq_prince_ribbit1
D:8:      layout_cave_pods, nicolae_overflow_crystal_walls
D:9:      layout_gridville, mainiacjoe_overflow_concentric_impassable,
          serial_shops, kennysheep_mini, shop_coins
D:10:     layout_basic, chequers_temple_overflow_minitemple,
          mainiacjoe_overflow_small_starburst, orc_0_dummy, serial_shops,
          nicolae_shop_getting_attention, minmay_liquid_box
D:11:     layout_long_grid, david_lair_shrubbed, serial_shops, shop
Lair:1:   dragon1_lemuel, layout_regular_city, worms_lemuel
Lair:2:   layout_cave_shapes, minmay_swamp_entry_reptiles, dummy_snake_entry,
          bh_autumn_forest_stairs, lemuel_old_faithful
Orc:1:    layout_caves, serial_shops, shop, mines5_lemuel
Orc:2:    st_orc_rangers, layout_caves, uniq_saint_roka

Skill      XL: |  1  2  3  4  5  6  7  8  9 10 11 12 |
---------------+-------------------------------------+-----
Fighting       | 3 4 5 |  5.2
Dodging        | 3 4 5 |  5.0
Unarmed Combat | 4 |  4.7
Maces & Flails | 1 3 6 9 12 14 | 14.4
Throwing       | 1 3 4 5 |  5.5
Armour         | 1 2 3 |  3.4
Evocations     | 1 2 3 |  3.6
Shields        | 1 3 4 5 |  5.5

Action                     |  1- 3 |  4- 6 |  7- 9 | 10-12 || total
---------------------------+-------+-------+-------+-------++-------
  Melee: Unarmed           |    67 |    55 |       |       ||   122
         Punch             |     2 |     2 |     1 |     3 ||     8
         Flail             |       |    97 |   198 |   421 ||   716
         Morningstar       |       |       |       |    17 ||    17
  Throw: Boomerang         |       |     7 |     5 |    14 ||    26
         Javelin           |       |     1 |     1 |       ||     2
 Invoke: Berserk           |     1 |     3 |     6 |    14 ||    24
         Trog's Hand       |       |       |     1 |     4 ||     5
         Brothers in Arms  |       |       |       |     3 ||     3
  Evoke: Wand              |       |       |       |     1 ||     1
    Use: Scroll            |       |     9 |     6 |    12 ||    27
         Potion            |       |     1 |       |     1 ||     2
   Stab: Sleeping          |     1 |       |       |       ||     1
 Armour: Animal skin       |    12 |    75 |    28 |       ||   115
         Skin              |       |    85 |       |       ||    85
         Steam dragon scal |       |       |    23 |    59 ||    82
         Troll leather arm |       |       |       |    74 ||    74
  Dodge: Dodged            |    28 |    85 |   137 |   305 ||   555
  Block: Kite shield       |       |       |       |   156 ||   156
